 Dungeon Crawl Stone Soup version 0.19-a0-172-g3b1235c (webtiles) character file.

32 Duffy the Insei (level 3, -11/29 HPs)
             Began as a Demonspawn Monk on May 22, 2016.
             Mangled by an orc warrior
             ... wielding a +0 mace
              (15 damage)
             ... on level 6 of the Dungeon.
             The game lasted 00:01:13 (1279 turns).

Duffy the Insei (Demonspawn Monk)                   Turns: 1279, Time: 00:01:14

Health: -11/29     AC:  6    Str: 12    XL:     3   Next: 10%
Magic:  0/3        EV: 11    Int: 11    God:
Gold:   19         SH:  0    Dex: 15    Spells: 0 memorised, 2 levels left

rFire  . . .     SeeInvis .       - Unarmed
rCold  . . .     Gourm    .     g - +0 ring mail
rNeg   . . .     Faith    .     (no shield)
rPois  .         Spirit   +     (no helmet)
rElec  .         Dismiss  .     (no cloak)
rCorr  .         Reflect  .     (no gloves)
SustAt .         Harm     .     (no boots)
MR     .....                    (no amulet)
Stlth  +.........               (no ring)
                                (no ring)

@: not resistant to hostile enchantments, very unstealthy
A: molten scales 1, magic shield
a: no special abilities


You were on level 6 of the Dungeon.
You were not hungry.

You visited 1 branch of the dungeon, and saw 6 of its levels.

You collected 19 gold pieces.


Innate Abilities, Weirdness & Mutations

You are partially covered in molten scales (AC +1).
When hurt, damage is shared between your health and your magic reserves.


   Skills:
 - Level 3.0 Fighting
 - Level 2.6 Dodging
 - Level 2.0 Stealth
 + Level 4.4 Unarmed Combat


You had 2 spell levels left.
You didn't know any spells.

Inventory:

Armour
 a - a +0 robe
 g - a +0 ring mail (worn)
Scrolls
 e - 3 scrolls of identify {unknown}
Potions
 c - a potion of brilliance {unknown}
 d - a potion of curing {unknown}
 f - a potion of magic {unknown}
Comestibles
 b - a bread ration

Dungeon Overview and Level Annotations

Branches:
Dungeon (6/15)
 Temple: D:4-7

Altars:


Message History

You hit the orc warrior but do no damage.
The orc warrior is lightly wounded.
The giant gecko closely misses you. The orc warrior hits you with a mace.
You completely miss the orc warrior.
The orc warrior is lightly wounded.
The giant gecko bites you but does no damage. x2
The orc warrior hits you with a mace.
You are too injured to fight recklessly!
You are too injured to fight recklessly!
You are too injured to fight recklessly!
You are too injured to fight recklessly!
You are too injured to fight recklessly!
You are too injured to fight recklessly!
You are too injured to fight recklessly!
You are too injured to fight recklessly!
You are too injured to fight recklessly!
You are too injured to fight recklessly!
You are too injured to fight recklessly!
You are too injured to fight recklessly!
You are too injured to fight recklessly!
You are too injured to fight recklessly!
You are too injured to fight recklessly!
You are too injured to fight recklessly!
You are too injured to fight recklessly!
You hit the orc warrior but do no damage.
The orc warrior is lightly wounded.
The giant gecko bites you but does no damage.
You hit the orc warrior. Your punch misses the orc warrior.
The orc warrior is moderately wounded.
The orc warrior completely misses you. The giant gecko barely misses you.
You hit the orc warrior but do no damage.
The orc warrior is moderately wounded.
The orc warrior closely misses you.
The giant gecko bites you but does no damage.
You punch the orc warrior!
The orc warrior is heavily wounded.
The giant gecko barely misses you.
The orc priest looks braver for a moment.
The orc warrior hits you with a mace!
You closely miss the orc warrior.
The orc warrior is heavily wounded.
The giant gecko closely misses you.
You hit the orc warrior but do no damage.
The orc warrior is heavily wounded.
The orc warrior completely misses you. The giant gecko closely misses you.
You hit the orc warrior.
The orc warrior is heavily wounded.
The giant gecko bites you. The orc warrior hits you with a mace!
Ouch! That really hurt!
You die...

### #o.
#o# #o#
#o# #@#
##loo.#
##o....
####


You could see 2 orc warriors, an orc priest, an orc wizard, 3 orcs and a giant
gecko.

Action                   || total
-------------------------++-------
Melee: Unarmed           ||    99
       Punch             ||     2
  Eat: Chunk             ||     1
Armor: Robe              ||     8
       Ring mail         ||    12
Dodge: Dodged            ||    63

Notes
Turn   | Place    | Note
--------------------------------------------------------------
     0 | D:1      | Duffy the Demonspawn Monk began the quest for the Orb.
     0 | D:1      | Reached XP level 1. HP: 18/18 MP: 1/1
    13 | D:1      | Reached skill level 2 in Stealth
   303 | D:1      | Gained mutation: You are partially covered in molten scales (AC +1). [demonic ancestry]
   303 | D:1      | Reached XP level 2. HP: 6/24 MP: 2/2
   528 | D:1      | Reached skill level 4 in Unarmed Combat
   959 | D:4      | Gained mutation: When hurt, damage is shared between your health and your magic reserves. [demonic ancestry]
   959 | D:4      | Reached XP level 3. HP: 15/29 MP: 3/3
   966 | D:5      | Entered Level 5 of the Dungeon
  1255 | D:6      | Noticed an orc warrior
  1260 | D:6      | Noticed an orc warrior
  1279 | D:6      | Mangled by an orc warrior

Skill      XL: |  1  2 |
---------------+-------+-----
Stealth        | 2 |  2.0
Unarmed Combat | 4 |  4.4
Fighting       | |  3.0
Dodging        | |  2.6

Vault maps used:
D:1:      scummos_arrival_star
D:2:      first_bread, minmay_misc_feat_cross, grunt_pakellas_sulfur
D:4:      overflow_temple_1_default, uniq_eustachio
D:6:      grunt_ministairs_13, kennysheep_small_square

Vanquished Creatures
  An adder
  A giant gecko
  An orc
  A bat
  A giant cockroach
  2 goblins
  A hobgoblin
  3 jackals
  2 ball pythons
  A giant gecko skeleton
  3 giant newts
  4 kobolds
  A rat
22 creatures vanquished.
